 Dungeon Crawl Stone Soup version 0.29.1-1-gd02db6906a (webtiles) character file.

Game seed: 2582702539366164581

2 Icepheonix32 the Caller (level 1, -2/13 HPs)
             Began as a Demonspawn Summoner on Oct 6, 2022.
             Frozen to death by an endoplasm (4 damage)
             ... on level 1 of the Dungeon.
             The game lasted 00:00:19 (272 turns).

Icepheonix32 the Caller (Demonspawn Summoner)        Turns: 272, Time: 00:00:19

Health: -2/13      AC:  2    Str:  8    XL:     1   Next: 25%
Magic:  2/3        EV: 12    Int: 16    God:
Gold:   23         SH:  0    Dex: 13    Spells: 3/4 levels left

rFire   . . .      SeeInvis .   (no weapon)
rCold   . . .      Faith    .   (no shield)
rNeg    . . .      Spirit   .   a - +0 robe
rPois   .          Reflect  .   (no helmet)
rElec   .          Harm     .   (no cloak)
rCorr   .          Rampage  .   (no gloves)
Will    .....                   (no boots)
Stlth   ++........              (no amulet)
HPRegen 0.04/turn               (no ring)
MPRegen 0.08/turn               (no ring)

@: no status effects
A: no striking features
a: no special abilities


You were on level 1 of the Dungeon.
You visited 1 branch of the dungeon, and saw 1 of its levels.

You collected 23 gold pieces.

Inventory:

Armour
 a - a +0 robe (worn)
Potions
 b - a potion of magic


   Skills:
 - Level 1.7 Dodging
 - Level 1.7 Stealth
 - Level 2.0 Spellcasting
 + Level 4.1 Summonings


You had 3 spell levels left.
You knew the following spells:

 Your Spells              Type           Power      Damage    Failure   Level
a - Summon Small Mammal   Summ           56%        N/A       3%          1

Your spell library contained the following spells:

 Spells                   Type           Power      Damage    Failure   Level
 Call Imp                 Summ           14%        N/A       6%          2
 Call Canine Familiar     Summ           14%        N/A       12%         3
 Summon Guardian Golem    Hex/Summ       8%         N/A       26%         3
 Summon Lightning Spire   Summ/Air       8%         N/A       65%         4


Dungeon Overview and Level Annotations

Branches:
Dungeon (1/15)

Altars:


Message History

The rat is severely wounded.
The rat misses you.
Your rat barely misses the rat.
You hit the rat but do no damage.
The rat is severely wounded.
The rat barely misses you.
Your rat bites the rat.
The rat dies!
No target in view!
No target in view!
No target in view!
No target in view!
Your rat disappears in a puff of smoke!
A bat comes into view.
A bat is nearby!
A gnoll comes into view. It is wielding a +0 club.
The gnoll shouts!
The bat hits you but does no damage. The bat closely misses you.
The bat closely misses you.
An endoplasm comes into view.
The bat closely misses you. The bat misses you.
You hit the gnoll but do no damage. The bat closely misses you.
The gnoll misses you.
You hit the gnoll.
The gnoll is lightly wounded.
The bat misses you. The gnoll hits you with a +0 club.
You hit the gnoll but do no damage.
The gnoll is lightly wounded.
The bat hits you but does no damage. The gnoll hits you with a +0 club.
You are too injured to fight recklessly!
You hit the endoplasm but do no damage. The bat hits you but does no damage.
The bat misses you. The gnoll hits you with a +0 club.
* * * LOW HITPOINT WARNING * * *
The endoplasm closely misses you.
You hit the endoplasm but do no damage. The bat hits you but does no damage.
The gnoll closely misses you.
The endoplasm hits you but does no damage.
You hit the endoplasm but do no damage. The gnoll hits you but does no damage.
The endoplasm freezes you.
You are frozen.
You die...

#..... ....# .# ####
#...###.# ...# .......#
...# #..#.#.# ...#
#......####
...###########..#g......
................@J.?...#
##############.b#b#.....
#....# ... .......... .
#.###.#.#.... ..
......... ## #########


You could see a gnoll, an endoplasm, a bat (ally target) and a friendly bat
(summoned).

Vanquished Creatures (collateral kills)
  A ball python (D:1)
  2 rats (D:1)
3 creatures vanquished.

Notes
Turn   | Place    | Note
-------+----------+-------------------------------------------
     0 | D:1      | Icepheonix32 the Demonspawn Summoner began the quest for
                  | the Orb.
     0 | D:1      | Reached XP level 1. HP: 13/13 MP: 3/3
   272 | D:1      | Frozen to death by an endoplasm

Illustrated notes

Levels and vault maps discovered:
D:1:      kennysheep_arrival_seaside, layout_basic, minivault_27, st_stairs_3

Action                   || total
-------------------------++-------
Melee: Unarmed           ||    12
 Cast: Summon Small Mamm ||     5
Armor: Robe              ||     6
Dodge: Dodged            ||    16
